 Dungeon Crawl Stone Soup version 0.29-a0-322-g68df515428 (webtiles) character file.

Game seed: 8531547818024683980

1417 rabbitsville the Quickloader (level 8, -2/44 HPs)
             Began as a Gargoyle Hunter on Apr 10, 2022.
             Killed by divine providence
             ... invoked by an orc priest
              (10 damage)
             ... on level 6 of the Dungeon.
             The game lasted 00:17:50 (5788 turns).

rabbitsville the Quickloader (Gargoyle Hunter)      Turns: 5788, Time: 00:17:50

Health: -2/44      AC: 24    Str: 16    XL:     8   Next: 71%
Magic:  8/8        EV:  7    Int: 11    God:
Gold:   127        SH:  0    Dex: 13    Spells: 7/7 levels left

rFire   . . .      SeeInvis .   b - +1 dagger (venom)
rCold   + . .      Faith    +   (no shield)
rNeg    + + .      Spirit   .   p - +4 chain mail {rC+}
rPois   ∞          Reflect  .   (helmet restricted)
rElec   +          Harm     .   D - +0 cloak
rCorr   .          Rampage  .   f - +1 pair of gloves
Will    .....                   w - +0 pair of boots
Stlth   ..........              u - amulet of faith
HPRegen 0.14/turn               k - ring of positive energy
MPRegen 0.11/turn               (no ring)

@: flying
A: sickness immunity, AC +5, negative energy resistance 1, electricity
resistance, torment resistance 1, petrification resistance, beak, subdued magic
1
a: no special abilities


You were on level 6 of the Dungeon.
You visited 1 branch of the dungeon, and saw 6 of its levels.

You collected 297 gold pieces.
You spent 170 gold pieces at shops.

Inventory:

Hand Weapons
 a - the +5 hand crossbow "Jeym" {vorpal, Will- Int+9 Dex+3}
   (You bought it in a shop on level 3 of the Dungeon)

   Any ammunition fired from it inflicts extra damage upon your enemies.
   Int:       It affects your intelligence (+9).
   Dex:       It affects your dexterity (+3).
   Will:      It decreases your willpower.
 b - a +1 dagger of venom (weapon)
 y - a +1 hand crossbow
Armour
 e - a +0 leather armour
 f - a +1 pair of gloves (worn)
 p - a +4 chain mail of cold resistance (worn)
 w - a +0 pair of boots (worn)
 A - the +0 robe of Jecajong {rN+ MP+9 Dex+3}
   (You found it on level 6 of the Dungeon)

   Dex:       It affects your dexterity (+3).
   rN:        It protects you from negative energy.
   MP:        It affects your magic capacity (+9).
 D - a +0 cloak (worn)
Jewellery
 k - a ring of positive energy (left hand)
 u - an amulet of faith (around neck)
Wands
 h - a wand of flame (6)
 C - a wand of digging (5)
Scrolls
 c - 5 scrolls of immolation
 d - a scroll of silence {unknown}
 j - 3 scrolls of fear
 l - a scroll of torment {unknown}
 o - 2 scrolls of amnesia {unknown}
 q - a scroll of teleportation
 v - a scroll of summoning {unknown}
 B - a scroll of noise {unknown}
Potions
 i - 2 potions of attraction
 n - 3 potions of haste
 r - 4 potions of brilliance
 s - a potion of resistance
 z - a potion of lignification {unknown}


   Skills:
 - Level 2.2 Fighting
 * Level 10.0 Crossbows
 + Level 5.3 Armour
 - Level 1.6 Dodging
 - Level 1.1 Stealth


You had 7 spell levels left.
You didn't know any spells.
Your spell library contained the following spells:

 Spells                   Type           Power      Damage    Failure   Level
 Sting                    Tmut/Pois      0%         1d3       99%         1
 Ensorcelled Hibernation  Hex/Ice        0%         N/A       100%        2
 Poisonous Vapours        Pois/Air       0%         N/A       100%        2
 Spider Form              Tmut/Pois      0%         N/A       100%        3
 Airstrike                Air            0%         N/A       100%        4
 Anguish                  Hex/Necr       0%         N/A       100%        4
 Olgreb's Toxic Radiance  Pois           0%         N/A       100%        4
 Summon Lightning Spire   Summ/Air       0%         N/A       100%        4
 Lightning Bolt           Conj/Air       0%         1d11      100%        5


Dungeon Overview and Level Annotations

Branches:
Dungeon (6/15)
 Temple: D:4-7

Altars:
Fedhas
Qazlal
Uskayaw

Shops:
D:3 (

Annotations:
D:3 Sigmund


Innate Abilities, Weirdness & Mutations

You are immune to sickness and miasma.
Your stone body is resilient. (AC +5)
You are immune to poison.
You resist negative energy. (rN+)
You are resistant to electric shocks. (rElec)
You are resistant to unholy torment.
You are immune to petrification.
You have a beak for a mouth.
Your spells are a little easier to cast, but a little less powerful.


Message History

The orc priest hits you with a +0 trident!
Something hits you but does no damage.
You bump into the rock wall.
The orc priest hits you but does no damage.
You hear some strange, mumbled words.
A puff of flame appears from out of thin air!
The puff of flame hits you.
* * * LOW HITPOINT WARNING * * *
You bump into the rock wall.
The orc priest invokes the aid of Beogh against you.
Beogh smites you!
* * * LOW HITPOINT WARNING * * *
Something hits you but does no damage.
You feel better.
The orc priest hits you but does no damage.
You hear some strange, mumbled words.
A magic dart appears from out of thin air!
The magic dart hits you but does no damage.
It was a potion of magic.
Magic courses through your body.
The orc priest mumbles some strange prayers to Beogh against you.
Beogh smites you!
* * * LOW HITPOINT WARNING * * *
Something hits you but does no damage.
You feel better.
The orc priest hits you but does no damage.
Something hits you but does no damage.
It was a potion of mutation.
You feel extremely strange.
Your mouth lengthens and hardens into a beak!
Your connection to magic feels subdued.
The orc priest hits you with a +0 trident.
* * * LOW HITPOINT WARNING * * *
Something hits you.
* * * LOW HITPOINT WARNING * * *
Unknown command.
It was a potion of flight.
You feel very buoyant.
You fly up into the air.
The orc priest calls down the wrath of Beogh upon you.
Beogh smites you!
You die...

#######...#8###8##...##8###8#####
........##########...#### ### #
######### #....#8...8# #
....##...## # ... #...# #
[.##...## # #.#8...8# # #{##...##
# #o@....# ########


You could see an orc priest (poisoned).

Vanquished Creatures
  A sky beast (D:6)
  A black bear (D:6)
  An ice beast (D:6)
  An ogre (D:6)
  2 centaurs
  A bullfrog (D:6)
  Blork the orc (D:4)
  2 scorpions (D:5)
  A jelly (D:5)
  6 hounds
  An orc priest (D:3)
  An iguana (D:4)
  Ijyb (D:3)
  Terence (D:3)
  6 orc wizards
  7 adders
  3 white imps
  2 worms
  A dart slug (D:5)
  13 orcs
  3 ball pythons
  8 endoplasms
  4 goblins
  7 hobgoblins
  5 jackals (D:1)
  7 kobolds
  6 quokkas
  3 bats
  4 frilled lizards
  5 rats
105 creatures vanquished.

Notes
Turn   | Place    | Note
-------+----------+-------------------------------------------
     0 | D:1      | rabbitsville the Gargoyle Hunter began the quest for the
                  | Orb.
     0 | D:1      | Reached XP level 1. HP: 12/12 MP: 1/1
   173 | D:1      | Reached XP level 2. HP: 17/17 MP: 2/2
   304 | D:1      | Found a faded altar of an unknown god.
   366 | D:1      | Reached XP level 3. HP: 16/21 MP: 3/3
   645 | D:1      | Reached skill level 5 in Crossbows
  1243 | D:2      | Reached XP level 4. HP: 25/26 MP: 4/4
  1772 | D:3      | Found Jatua's Antique Weapon Shoppe.
  1834 | D:3      | Noticed Ijyb
  1890 | D:3      | Killed Ijyb
  1891 | D:3      | Reached skill level 6 in Crossbows
  2191 | D:3      | Reached XP level 5. HP: 29/30 MP: 5/5
  2382 | D:3      | Noticed Sigmund
  2442 | D:3      | Noticed Terence
  2457 | D:3      | Killed Terence
  2754 | D:4      | Reached skill level 7 in Crossbows
  2754 | D:4      | Reached XP level 6. HP: 35/35 MP: 6/6
  2778 | D:4      | Reached skill level 1 in Armour
  2778 | D:4      | Noticed Blork the orc
  2798 | D:4      | Killed Blork the orc
  3114 | D:4      | Noticed a black bear
  3293 | D:4      | Noticed an orc warrior
  3388 | D:4      | Found a hide-covered altar of Uskayaw.
  3567 | D:5      | Entered Level 5 of the Dungeon
  3687 | D:5      | Reached XP level 7. HP: 32/40 MP: 7/7
  3923 | D:5      | HP: 2/40 [orc wizard/+0 dagger (3)]
  4199 | D:5      | Found a blossoming altar of Fedhas.
  4223 | D:5      | Reached skill level 8 in Crossbows
  4445 | D:5      | Found a stormy altar of Qazlal.
  4446 | D:5      | Noticed an air elemental
  4448 | D:5      | Noticed a water elemental
  4448 | D:5      | Noticed a fire elemental
  5170 | D:3      | Bought a faintly glowing hand crossbow for 170 gold pieces
  5170 | D:3      | Identified the +5 hand crossbow "Jeym" {vorpal, Will- Int+9
                  | Dex+3} (You bought it in a shop on level 3 of the Dungeon)
  5239 | D:6      | Identified the +0 robe of Jecajong {rN+ MP+9 Dex+3}
  5323 | D:6      | Reached XP level 8. HP: 41/44 MP: 8/8
  5360 | D:6      | Reached skill level 9 in Crossbows
  5587 | D:6      | Reached skill level 5 in Armour
  5657 | D:6      | Reached skill level 10 in Crossbows
  5783 | D:6      | HP: 1/44 [orc priest/divine providence (10)]
  5787 | D:6      | Gained mutation: You have a beak for a mouth. [potion of
                  | mutation]
  5787 | D:6      | Gained mutation: Your spells are a little easier to cast,
                  | but a little less powerful. [potion of mutation]
  5788 | D:6      | Killed from afar by an orc priest

Illustrated notes

Levels and vault maps discovered:
D:1:      dpeg_arrival_brainrot, layout_loops_ring,
          hellmonk_ecumenical_altar_run_dry
D:2:      layout_rooms
D:3:      layout_basic, serial_shops, nicolae_diamond_shop, uniq_ijyb,
          uniq_terence, uniq_sigmund
D:4:      layout_basic, mainiacjoe_overflow_six_doors_small,
          mainiacjoe_overflow_boulevard, uniq_blork_the_orc
D:5:      layout_basic, nicolae_qazlal_style_of_elements, fedhas_altar_4,
          kennysheep_potato
D:6:      layout_rooms, corexii_hall_statues_t

Skill      XL: |  1  2  3  4  5  6  7  8 |
---------------+-------------------------+-----
Crossbows      | 5 6 7 8 10 | 10.0
Armour         | 2 4 5 |  5.3
Fighting       | |  2.2
Dodging        | |  1.6
Stealth        | |  1.1

Action                   |  1- 3 |  4- 6 |  7- 9 || total
-------------------------+-------+-------+-------++-------
Melee: Dagger            |     7 |    85 |   102 ||   194
       Punch             |       |       |     4 ||     4
       Hand crossbow     |       |       |     1 ||     1
 Fire: Hand crossbow     |   107 |   112 |    75 ||   294
  Use: Potion            |       |     4 |     6 ||    10
       Scroll            |       |     5 |     1 ||     6
Armor: Leather armour    |    22 |    25 |       ||    47
       Chain mail        |       |    44 |   165 ||   209
       Robe              |       |       |     4 ||     4
Dodge: Dodged            |    25 |    64 |    88 ||   177

Table legend: (Time is in decaauts)
 A = Elapsed time spent in this place.
 B = Non-inter-level travel time spent in this place.
 C = Inter-level travel time spent in this place.
 D = Time resting spent in this place.
 E = Time spent auto-exploring this place.
 F = Levels seen in this place.
 G = Mean time per level.
                   A        B        C        D        E       F      G
               +--------+--------+--------+--------+--------+-----+--------+
         Total |   5876 |   5633 |    243 |    804 |   3396 |   6 |  979.3 |
       Dungeon |   5876 |   5633 |    243 |    804 |   3396 |   6 |  979.3 |
               +--------+--------+--------+--------+--------+-----+--------+

Top non-repeatable levels by time:
     D:5: 1587 daAuts
     D:3: 1380 daAuts
     D:1: 1027 daAuts
     D:4: 861 daAuts
     D:6: 555 daAuts
     D:2: 464 daAuts
